AoeStats
← 150490644@

Arabia

509400492Analyzed
1v1 RM · 5d ago on Sep 26, 2026· 21m 48s· 2 players
Game mode
Random Map
Map size
Tiny (2 player)
Population
200
Speed
Normal
Resources
Standard
Victory
Conquest
Starting age
Dark Age
Ending age
Imperial Age
RankedLock teamsTeams togetherTeam positionsShared explorationLock speedFull tech treeHidden civsTurbo modeCheats
Victory
Defeat
🇮🇹 Franks · Italy
975
+14
🇬🇧 Mongols · United Kingdom
942
-41
AliasOnSteam
3:54 Loom
150490644@
7:14 Loom
10:01 Feudal Age
10:32 Double-Bit Axe
17:51 Wheelbarrow
21:12 Castle Age
19:36 Gold Mining
20:48 Forging
20:43 Scale Barding Armor
21:32 Town Watch
22:02 Husbandry
22:19 Bow Saw
22:28 Hand Cart
Connection lost

Rejoining the realm…

Still unreachable

The connection could not be restored.

Session expired

The server has moved on; the page needs a fresh start.